 Dungeon Crawl Stone Soup version 0.32-a0-18-g89e19f1974 (webtiles) character file.

Game seed: 14140465921213484770

4182 Aneyh the Fighter (level 10, -4/61 (65) HPs)
             Began as a Tengu Monk on Jan 17, 2024.
             Was an Elder of Hepliaklqana.
             Slain by an orc warrior
             ... wielding a +2 scimitar of draining
              (6 damage)
             ... on level 9 of the Dungeon.
             The game lasted 00:24:09 (9174 turns).

Aneyh the Fighter (Tengu Monk)                      Turns: 9174, Time: 00:24:15

HP:   -4/61 (65)    AC:  6    Str: 11    XL:     10   Next: 28%
MP:   10/11         EV: 22    Int: 18    God:    Hepliaklqana [****..]
Gold: 840           SH:  0    Dex: 20    Spells: 6/9 levels left

rFire   . . .        H - +0 flail (heavy)
rCold   . . .        (no shield)
rNeg    . . .        y - +0 leather armour
rPois   .            (helmet restricted)
rElec   .            L - +0 cloak
rCorr   .            n - +1 pair of gloves
SInv    .            (boots unavailable)
Will    .....        (no amulet)
Stlth   ++           s - +6 ring of intelligence
HPRegen 0.30/turn    M - +5 ring of evasion
MPRegen 0.12/turn

%: acrobat
@: flying, drained
A: reduced essence, beak, talons 3, evasive flight, acrobatic
a: Renounce Religion, Recall Ancestor, Ancestor Identity, Transference, Idealise


You were on level 9 of the Dungeon.
You worshipped Hepliaklqana.
Hepliaklqana was greatly pleased with you.
You visited 2 branches of the dungeon, and saw 10 of its levels.
You also visited: Ossuary.

You collected 840 gold pieces.

Inventory:

Hand Weapons
 a - a +0 falchion
 b - a +0 spear
 p - a +1 vampiric whip
 u - a +2 dagger of venom
 A - a +0 trident
 H - a +0 heavy flail (weapon)
 I - a +0 shortbow
 N - a +0 glaive
Missiles
 h - 10 boomerangs
 D - 2 curare-tipped darts
 P - 2 throwing nets
Armour
 d - an orb of light
 i - a +0 robe
 n - a +1 pair of gloves (worn)
 o - a +0 pair of boots
 t - a +0 chain mail
 y - a +0 leather armour (worn)
 L - a +0 cloak (worn)
Jewellery
 s - a +6 ring of intelligence (left hand)
 v - a ring of poison resistance
 G - a ring of see invisible
 K - a ring of magical power
 M - a +5 ring of evasion (right hand)
Wands
 r - a wand of roots (19)
 R - a wand of quicksilver (2)
Scrolls
 e - 3 scrolls of vulnerability
 j - 4 scrolls of noise
 q - 5 scrolls of amnesia
 O - a scroll of enchant armour
 Q - 2 scrolls of blinking
 S - a scroll of immolation {unknown}
 T - a scroll of fear {unknown}
 U - a scroll of torment
Potions
 c - 2 potions of ambrosia
 f - 5 potions of curing {unknown}
 g - a potion of brilliance
 k - a potion of haste {unknown}
 l - 3 potions of heal wounds
 m - a potion of resistance {unknown}
 w - a potion of enlightenment {unknown}
 x - 3 potions of might {unknown}
 z - 2 potions of attraction {unknown}
 C - a potion of magic {unknown}
 E - 2 potions of mutation {unknown}
 F - a potion of degeneration {unknown}
 J - 4 potions of lignification {unknown}


   Skills:
 + Level 13.5 Fighting
 - Level 4.3 Long Blades
 - Level 5.0 Maces & Flails
 - Level 4.0 Dodging
 - Level 2.0 Summonings


You had 6 spell levels left.
You knew the following spells:

 Your Spells              Type           Power      Damage    Failure   Level
a - Call Canine Familiar  Summ           7%         N/A       36%         3

Your spell library contained the following spells:

 Spells                   Type           Power      Damage    Failure   Level
 Summon Small Mammal      Summ           28%        N/A       13%         1
 Slow                     Hex            0%         N/A       28%         1
 Ensorcelled Hibernation  Hex/Ice        0%         N/A       41%         2
 Passwall                 Erth           0%         N/A       65%         3
 Swiftness                Air            0%         N/A       65%         3
 Summon Blazeheart Golem  Fire/Summ      3%         N/A       88%         4


Dungeon Overview and Level Annotations

Branches:
Dungeon (9/15)             Temple (1/1) D:4         Ossuary (visited)
   Lair: D:8-11         Orc: D:9-12

Altars:
Ashenzari
Cheibriados
Dithmenos
Elyvilon
Fedhas
Gozag
Hepliaklqana
Kikubaaqudgha
Makhleb
Nemelex Xobeh
Okawaru
Qazlal
Ru
Sif Muna
Trog
Uskayaw
Vehumet
Xom
Yredelemnul
Zin
The Shining One

Annotations:
D:5 Pikel


Innate Abilities, Weirdness & Mutations

Your life essence is reduced to manifest your ancestor. (-10% HP)
You have a beak for a mouth.
You have claws for feet.
Your magical flight helps you evade attacks. (EV +4)
You can magically evade attacks while moving or waiting.


Message History

H - a +0 heavy flail (weapon)
You closely miss the kobold brigand. You claw the kobold brigand.
The kobold brigand is severely wounded.
Your yak gores the black bear!!
The black bear dies!
The kobold brigand completely misses you.
Your yak barely misses the komodo dragon.
The yak gores your yak! The orc barely misses you.
You hit the kobold brigand. Your peck misses the kobold brigand.
The kobold brigand is almost dead.
Your yak dissolves into shadows!
The kobold brigand closely misses you.
The yak gores Khalidah!
The orc hits you with a +0 club.
The kobold brigand hits you with a +0 club.
Your yak gores the komodo dragon but does no damage.
You sock the kobold brigand!
You kill the kobold brigand!
Your yak dissolves into shadows!
The yak completely misses Khalidah.
The orc hits you but does no damage. The komodo dragon bites you!
Khalidah hits the komodo dragon with a +0 flail!
The komodo dragon dies!
Khalidah blocks the yak's attack.
A water moccasin comes into view.
You barely miss the orc warrior. Your kick misses the orc warrior.
The yak barely misses Khalidah.
Khalidah closely misses the orc warrior.
You hit the orc warrior but do no damage.
The yak barely misses Khalidah.
The orc warrior unwields a +0 arbalest.
The orc warrior wields a +2 scimitar of draining.
You sense an unholy aura.
The orc warrior hits you with a +2 scimitar of draining!
You feel drained.
Khalidah hits the orc warrior with a +0 flail.
The orc closely misses you.
Something gores Khalidah!
The yak gores Khalidah but does no damage.
The orc warrior hits you with a +2 scimitar of draining!!
* * * LOW HITPOINT WARNING * * *
You feel drained.
You die...

.....# ....#
....# ...#
..P.. .o.
PP.P.# #o#
.P...? ###o#
P.P.P. #$o@#
P.....###R####
PPP....†Y....#
PPP....).=...#
.............#
P...#.Y.Y....#
..P #>.......#
#...[...>#
######.###


You could see the friendly Khalidah the knight, a yak, an orc warrior and 3
orcs.

Vanquished Creatures
  Sigmund (D:5)
  A wraith (D:9)
  An orc warrior (D:9)
  2 ogres
  A centaur (D:8)
  A lemure (D:5)
  2 kobold brigands
  A bullfrog (D:9)
  3 scorpions
  A jelly (D:7)
  2 killer bees (D:8)
  2 howler monkeys
  2 hounds
  A gnoll bouda (D:8)
  6 orc wizards
  3 mummies (Ossuary)
  5 gnolls
  2 adders
  2 shadow imps (D:5)
  An ufetubus (D:6)
  A ribbon worm (D:4)
  17 orcs
  9 endoplasms
  A giant cockroach (D:3)
  A gnoll zombie (Ossuary)
  7 goblins
  11 hobgoblins
  2 quokkas
  5 ball pythons
  4 bats
  15 frilled lizards
  A hobgoblin zombie (Ossuary)
  9 kobolds
  A kobold zombie (Ossuary)
  A rat (D:1)
125 creatures vanquished.

Vanquished Creatures (collateral kills)
  A two-headed ogre (D:8)
  A komodo dragon (D:9)
  Psyche (D:8)
  A wyvern (D:7)
  A water moccasin (D:9)
  3 black bears
  A sky beast (D:7)
  A centaur (D:8)
  A kobold brigand (D:8)
  A bullfrog (D:9)
  A scorpion (D:7)
  A killer bee (D:8)
  2 howler monkeys (D:7)
  2 nameless horrors
  2 hounds (D:6)
  An orc wizard (D:5)
  2 sleepcaps
  3 iguanas (D:5)
  5 mummies (Ossuary)
  3 gnolls
  5 adders
  5 ufetubi
  5 orcs
  2 hobgoblins (D:4)
  2 kobolds (D:8)
  3 kobold zombies (Ossuary)
  2 orc zombies (Ossuary)
58 creatures vanquished.

Vanquished Creatures (others)
  3 knights
3 creatures vanquished.

Grand Total: 186 creatures vanquished

Notes
Turn   | Place    | Note
-------+----------+-------------------------------------------
     0 | D:1      | Aneyh the Tengu Monk began the quest for the Orb.
     0 | D:1      | Reached XP level 1. HP: 14/14 MP: 2/2
    46 | D:1      | Reached XP level 2. HP: 19/19 MP: 3/3
   206 | D:1      | Reached XP level 3. HP: 19/23 MP: 4/4
   737 | D:2      | Reached XP level 4. HP: 16/29 MP: 5/5
  1502 | D:3      | Reached skill level 4 in Fighting
  2442 | D:4      | Found a staircase to the Ecumenical Temple.
  2464 | Temple   | Entered the Ecumenical Temple
  2486 | Temple   | Became a worshipper of Hepliaklqana the Forgotten
  2486 | Temple   | Reached * piety under Hepliaklqana
  2486 | Temple   | Reached ** piety under Hepliaklqana
  2507 | Temple   | Remembered your ancestor Khalidah as a knight
  2545 | D:4      | Noticed a scorpion
  2558 | D:4      | Killed a scorpion
  2559 | D:4      | Reached skill level 5 in Fighting
  2559 | D:4      | Reached XP level 5. HP: 14/31 MP: 6/6
  3104 | D:4      | Reached XP level 6. HP: 34/36 MP: 7/7
  3191 | D:4      | Learned a level 3 spell: Call Canine Familiar
  3248 | D:4      | Noticed a black bear
  3249 | D:4      | Found an ancient bone altar of Kikubaaqudgha.
  3249 | D:4      | Found a shimmering blue altar of Sif Muna.
  3251 | D:4      | Found a radiant altar of Vehumet.
  3252 | D:4      | Noticed a nameless horror
  3859 | D:4      | Reached skill level 1 in Summonings
  3873 | D:4      | Found a broken altar of Ashenzari.
  3972 | D:4      | Got Sif Muna's Almanac of the Jinx
  4066 | D:5      | Entered Level 5 of the Dungeon
  4084 | D:5      | Reached skill level 6 in Fighting
  4162 | D:5      | Noticed Sigmund
  4174 | D:5      | Killed Sigmund
  4175 | D:5      | Gained mutation: Your magical flight helps you evade
                  | attacks. (EV +4) [Tengu growth]
  4175 | D:5      | Reached XP level 7. HP: 38/42 MP: 8/8
  4191 | D:5      | Reached skill level 7 in Fighting
  4291 | D:5      | Found a sand-covered staircase.
  4294 | D:5      | Noticed Pikel
  4299 | Ossuary  | Entered an ossuary
  4814 | D:5      | Reached skill level 8 in Fighting
  5486 | D:6      | Reached XP level 8. HP: 49/49 MP: 9/9
  5502 | D:6      | Reached skill level 9 in Fighting
  5808 | D:6      | Reached *** piety under Hepliaklqana
  6606 | D:7      | Reached skill level 1 in Maces & Flails
  6656 | D:7      | Reached skill level 10 in Fighting
  6704 | D:7      | Noticed a wyvern
  6710 | D:7      | Killed a wyvern
  6838 | D:7      | Reached XP level 9. HP: 56/56 MP: 7/10
  6989 | D:7      | Reached **** piety under Hepliaklqana
  7076 | D:7      | Found an opulent altar of Gozag.
  7076 | D:7      | Found a white marble altar of Elyvilon.
  7078 | D:7      | Found a bloodstained altar of Trog.
  7718 | D:8      | Reached skill level 11 in Fighting
  7933 | D:8      | Noticed Psyche
  7943 | D:8      | Killed Psyche
  8648 | D:8      | Noticed a two-headed ogre
  8660 | D:8      | Killed a two-headed ogre
  8661 | D:8      | Reached skill level 12 in Fighting
  8661 | D:8      | Reached skill level 5 in Maces & Flails
  9000 | D:9      | Reached XP level 10. HP: 44/64 MP: 11/11
  9076 | D:9      | Noticed a nameless horror
  9082 | D:9      | Killed a nameless horror
  9153 | D:9      | Reached skill level 13 in Fighting
  9174 | D:9      | HP: 2/64 [orc warrior/+2 scimitar of draining (21)]
  9174 | D:9      | Slain by an orc warrior

Illustrated notes

Levels and vault maps discovered:
D:1:      spicycebolla_arrival_clurvy, layout_rooms, minmay_tromino_v2
D:2:      layout_basic, minmay_lizard_pond
D:3:      layout_basic, kennysheep_cross_bottleneck
D:4:      layout_cave_pools, grunt_temple_overflow_magic_moments,
          evilmike_ruin_ashenzari, minmay_temple_entry_butterflies,
          minmay_ruptured
D:5:      lemuel_ratsnest, layout_basic, nicolae_ossuary_entry_ruins,
          minmay_misc_feat_hallway, uniq_sigmund, uniq_pikel,
          uniq_prince_ribbit1
D:6:      layout_gridville, nicolae_houndstooth_variations
D:7:      layout_gridville, nicolae_overflow_hidden_temple, serial_bayou_pond_d
D:8:      layout_basic, uniq_psyche
D:9:      layout_roguey, due_lair_maze_entry_diamond, minmay_misc_feat_chi
Temple:   dpeg_chambers_temple

Skill      XL: |  1  2  3  4  5  6  7  8  9 10 |
---------------+-------------------------------+-----
Long Blades    | 4 |  4.3
Fighting       | 5 6 8 10 12 13 | 13.5
Dodging        | 4 |  4.0
Summonings     | 2 |  2.0
Maces & Flails | 2 5 |  5.0

Action                     |  1- 3 |  4- 6 |  7- 9 | 10-12 || total
---------------------------+-------+-------+-------+-------++-------
  Melee: Falchion          |    63 |   117 |   124 |       ||   304
         Kick              |    13 |    22 |    79 |     4 ||   118
         Peck              |     4 |    21 |    41 |     2 ||    68
         Punch             |       |     1 |     3 |     1 ||     5
         Trident           |       |       |     2 |       ||     2
         Flail             |       |       |    83 |    12 ||    95
         Spear             |       |       |     8 |       ||     8
         Glaive            |       |       |     3 |    10 ||    13
   Fire: Shortbow          |       |       |     3 |     2 ||     5
  Throw: Boomerang         |       |       |     1 |       ||     1
   Cast: Call Canine Famil |       |       |     9 |     2 ||    11
 Invoke: Ancestor Life: Kn |       |     1 |       |       ||     1
         Recall Ancestor   |       |     2 |     3 |     1 ||     6
    Use: Scroll            |       |     6 |     5 |     1 ||    12
         Potion            |       |       |     1 |     1 ||     2
   Stab: Sleeping          |     1 |     2 |       |       ||     3
         Distracted        |       |       |     1 |     2 ||     3
 Armour: Robe              |    22 |    39 |       |       ||    61
         Chain mail        |       |    16 |       |       ||    16
         Leather armour    |       |     4 |   125 |    17 ||   146
  Dodge: Dodged            |    51 |    88 |   285 |    15 ||   439

Table legend: (Time is in decaauts)
 A = Elapsed time spent in this place.
 B = Non-inter-level travel time spent in this place.
 C = Inter-level travel time spent in this place.
 D = Time resting spent in this place.
 E = Time spent auto-exploring this place.
 F = Levels seen in this place.
 G = Mean time per level.
                   A        B        C        D        E       F      G
               +--------+--------+--------+--------+--------+-----+--------+
         Total |   9295 |   8862 |    433 |   2300 |   4765 |  11 |  845.0 |
       Dungeon |   8349 |   7956 |    393 |   1619 |   4706 |   9 |  927.7 |
        Temple |    447 |    407 |     40 |    389 |      0 |   1 |  447.0 |
       Ossuary |    498 |    498 |      0 |    292 |     59 |   1 |  498.0 |
               +--------+--------+--------+--------+--------+-----+--------+

Top non-repeatable levels by time:
     D:3: 1246 daAuts
     D:2: 1219 daAuts
     D:8: 1174 daAuts
     D:7: 1140 daAuts
     D:4: 1130 daAuts
     D:6: 1085 daAuts
 Ossuary: 498 daAuts
     D:5: 488 daAuts
     D:1: 463 daAuts
  Temple: 447 daAuts
     D:9: 401 daAuts
